Map: 망각행 고속열차

Players

제임스레이더

  • Race: Zerg Zerg

Spirit

  • Race: Terran Terran
  • League: Master
  • Spawn Location: 0:00

VOD

Have the link to the VOD?

Description

Time

  • Played on: Sept. 21, 2017, 11:58 a.m.
  • Length: 25:53
Show
View Real Time Build Order
Export as new Build Order

제임스레이더 Zerg 

Build Orders:  

Get SALT Encoding   

  18  0:03  Primal Drone  
  19  0:11  Primal Drone  
  19  0:18  Primal Drone  
  21  0:24  Primal Drone  
  22  0:33  Primal Drone  
  22  0:38  Extractor  
  23  0:48  Extractor  
  23  0:53  Primal Drone  
  24  1:09  Primal Drone  
  26  1:24  Primal Drone  
  26  1:27  Primal Warden  
  27  1:37  Primal Drone  
  28  2:09  Primal Drone  
  29  2:10  Primal Drone  
  30  2:31  Primal Hive  
  35  2:50  Glevig's Den  
  35  2:54  Primal Drone  
  35  3:00  Primal Drone  
  36  3:15  Primal Drone  
  36  3:16  Primal Drone  
  39  3:41  Primal Warden  
  39  3:51  Primal Drone  
  39  3:52  Primal Drone  
  41  4:11  Primal Drone  
  42  4:22  Primal Drone  
  42  4:24  Murvar's Den  
  42  4:42  Primal Drone  
  43  4:52  Primal Hive  
  43  4:55  Primal Drone  
  43  4:56  Primal Drone x5  
  49  5:05  Primal Drone  
  49  5:06  Primal Warden  
  51  5:12  Extractor  
  51  5:20  Primal Drone  
  51  5:21  Primal Drone  
  53  5:40  Primal Drone x2  
  53  5:41  Extractor  
  55  5:56  Primal Drone x2  
  57  6:04  Primal Drone  
  58  6:28  Primal Drone  
  58  6:29  Primal Drone x2  
  61  6:35  Primal Warden  
  61  6:37  Dakrun's Den  
  61  6:38  Explosive Spores  
  61  7:06  Primal Drone  
  61  7:07  Primal Drone x4  
  66  7:24  Primal Attacks Level 1  
  66  7:26  Primal Drone x2  
  68  7:31  Primal Warden  
  68  7:36  Primal Warden  
  68  7:38  Primordial Fury  
  68  7:47  Primal Drone  
  68  7:49  Primal Drone  
  70  7:55  Primal Roach  
  70  7:56  Primal Roach x5  
  70  7:57  Primal Roach x4  
  90  8:13  Primal Drone  
  90  8:16  Primal Roach  
  90  8:18  Primal Roach  
  95  8:23  Primal Drone, Primal Wurm  
  95  8:28  Primal Guardian  
  95  8:29  Primal Guardian x3  
  93  8:30  Primal Guardian  
  93  8:33  Primal Roach x3  
  98  8:56  Primal Roach x3  
  98  8:57  Primal Roach  
  106  9:06  Primal Guardian  
  106  9:07  Primal Wurm, Primal Guardian  
  105  9:20  Primal Drone  
  107  9:32  Primal Guardian x2  
  107  9:33  Primal Hydralisk  
  107  9:34  Primal Hydralisk x2  
  107  9:39  Primal Roach x3  
  111  9:42  Primal Wurm  
  112  9:55  Primal Roach  
  112  9:56  Primal Roach  
  117  10:01  Primal Wurm  
  117  10:02  Primal Wurm  
  118  10:21  Primal Hydralisk x2  
  122  10:33  Primal Roach x3  
  125  10:42  Primal Guardian  
  125  10:43  Primal Guardian  
  125  10:45  Primal Attacks Level 2  
  125  10:47  Primal Drone  
  125  10:49  Primal Roach x2  
  128  10:50  Primal Wurm  
  128  10:53  Primal Wurm  
  128  10:59  Primal Drone  
  130  11:10  Primal Roach  
  130  11:14  Primal Guardian x2  
  130  11:15  Primal Roach  
  132  11:34  Primal Guardian  
  132  11:35  Primal Wurm  
  131  11:48  Primal Hydralisk x2  
  135  11:52  Primal Roach x5  
  135  11:53  Primal Roach x2  
  135  11:58  Primal Guardian  
  144  12:26  Primal Guardian x2  
  144  12:27  Primal Guardian  
  144  12:28  Primal Drone  
  144  12:29  Primal Drone x2  
  145  12:40  Primal Wurm, Primal Guardian  
  145  12:44  Primal Roach x5  
  145  12:45  Primal Roach x2  
  158  13:27  Primal Guardian x2  
  158  13:28  Primal Guardian  
  155  13:47  Primal Hydralisk  
  155  13:48  Primal Roach  
  155  13:49  Primal Roach x2  
  163  13:56  Primal Attacks Level 3  
  163  13:59  Primal Drone x3  
  165  14:02  Primal Wurm  
  165  14:08  Primal Wurm x2  
  165  14:09  Primal Wurm  
  168  14:17  Primal Guardian  
  168  14:18  Primal Hydralisk x2  
  168  14:19  Primal Roach  
  173  14:20  Primal Roach  
  175  14:35  Primal Guardian  
  171  14:52  Primal Roach x5  
  169  15:13  Primal Roach x5  
  169  15:14  Primal Roach  
  177  15:27  Primal Guardian  
  176  15:34  Primal Drone  
  173  15:41  Primal Wurm  
  171  16:02  Primal Guardian x2  
  169  16:11  Primal Drone x2  
  169  16:19  Primal Wurm x2  
  154  16:41  Primal Drone x2  
  159  16:54  Primal Roach x4  
  159  16:55  Primal Roach x2  
  167  17:24  Primal Wurm x3  
  165  17:38  Primal Roach x2  
  165  17:39  Primal Roach x4  
  175  17:41  Primal Guardian x2  
  175  17:42  Primal Guardian  
  172  17:52  Primal Drone x2  
  174  18:09  Primal Guardian  
  171  18:10  Primal Guardian  
  171  18:16  Primal Warden  
  171  18:18  Primal Warden x3  
  171  18:19  Primal Roach  
  170  18:20  Primal Roach x4  
  173  18:54  Primal Guardian x2  
  168  19:00  Primal Drone x3  
  168  19:01  Primal Zergling  
  168  19:02  Primal Zergling x14  
  182  19:49  Primal Roach x3  
  188  19:50  Primal Roach  
  188  19:53  Primal Igniter  
  188  19:56  Ravasaur x2  
  188  19:57  Ravasaur x4  
  189  20:02  Primal Warden  
  189  20:03  Primal Warden x2  
  189  20:04  Primal Warden  
  189  20:16  Primal Roach x2  
  189  20:17  Primal Roach  
  189  20:19  Primal Guardian  
  191  20:41  Primal Guardian  
  190  21:05  Primal Guardian  
  190  21:06  Primal Roach  
  190  21:07  Primal Roach x4  
  194  21:32  Primal Roach x3  
  200  21:55  Primal Guardian x3  
  200  21:58  Primal Roach  
  199  22:01  Primal Guardian  
  196  22:25  Primal Drone x2  
  198  22:36  Primal Wurm  
  198  22:37  Primal Wurm  
  176  23:12  Primal Roach x3  
  176  23:13  Primal Roach x2  
  176  23:18  Primal Drone  
  181  23:37  Primal Roach x3  
  181  23:38  Primal Roach x5  
  195  23:41  Primal Guardian x2  
  190  24:00  Primal Roach x4  
  190  24:01  Primal Roach  
  194  24:26  Primal Guardian x2  
  194  24:27  Primal Guardian  
  194  24:28  Primal Roach x3  
  194  24:29  Primal Roach  
  190  24:55  Primal Roach  
  190  24:56  Primal Roach x3  
Show
View Real Time Build Order
Export as new Build Order

Spirit Terran 

Build Orders:  

Get SALT Encoding   

Tags
 
Add a new tag
Caveats
  • Supply blocks, unpowered buildings, or Contaminate may cause inaccurate times.
  • Supply counts are checked every 10 seconds.